 Dungeon Crawl Stone Soup version 0.18.1-48-g4cf74bf (webtiles) character file.

291 Lovchig the Shield-Bearer (level 6, -3/56 HPs)
             Began as a Deep Dwarf Fighter on Aug 25, 2016.
             Was an Initiate of the Shining One.
             Succumbed to Ijyb's poison
             ... on level 3 of the Dungeon.
             The game lasted 00:07:48 (1666 turns).

Lovchig the Shield-Bearer (Deep Dwarf Fighter)      Turns: 1666, Time: 00:07:50

Health: -3/56      AC: 14    Str: 27    XL:     6   Next: 10%
Magic:  6/6        EV:  6    Int:  8    God:    the Shining One [......]
Gold:   188        SH: 10    Dex: 12    Spells: 0 memorised, 5 levels left

rFire  . . .     SeeInvis .     a - +0 war axe
rCold  . . .     Gourm    .     k - +0 plate armour
rNeg   . . .     Faith    .     c - +0 shield
rPois  .         Spirit   .     r - +0 helmet
rElec  .         Dismiss  .     (no cloak)
rCorr  .         Reflect  .     h - +0 pair of gloves
SustAt .         Harm     .     (no boots)
MR     .....                    (no amulet)
Stlth  ..........               (no ring)
                                (no ring)

@: mighty, lethally poisoned (-3 -> -28), non-regenerating, glowing, not
resistant to hostile enchantments, extremely unstealthy
A: damage resistance, recharge devices, sense surroundings 1, slow regeneration
3
a: Device Recharging, Renounce Religion


You were on level 3 of the Dungeon.
You worshipped the Shining One.
The Shining One was noncommittal.
You were not hungry.

You visited 1 branch of the dungeon, and saw 3 of its levels.

You collected 188 gold pieces.

Inventory:

Hand Weapons
 a - a +0 war axe (weapon)
Armour
 c - a +0 shield (worn)
 h - a +0 pair of gloves (worn)
 k - a +0 plate armour (worn)
 r - a +0 helmet (worn)
Jewellery
 i - an uncursed amulet of regeneration {unknown}
Wands
 e - a wand of heal wounds (2/9)
 j - a wand of digging (10/24)
Scrolls
 b - 2 scrolls of remove curse
 p - a scroll of teleportation
 u - a scroll of identify
 v - a scroll of recharging {unknown}
Potions
 d - a potion of might
 g - 2 potions of cure mutation
 l - 2 potions of curing {unknown}
 n - a potion of resistance {unknown}
 o - a potion of heal wounds {unknown}
 q - 2 potions of magic {unknown}
 t - a potion of lignification {unknown}
 w - a potion of cancellation {unknown}
Comestibles
 f - a bread ration
 m - 2 meat rations
 s - 4 chunks of flesh


   Skills:
 * Level 3.5 Fighting
 * Level 4.0 Axes
 * Level 4.1 Armour
 * Level 1.6 Dodging
 + Level 0.6 Stealth
 * Level 5.0 Shields


You had 5 spell levels left.
You didn't know any spells.

Dungeon Overview and Level Annotations

Branches:
Dungeon (3/15)

Altars:
The Shining One

Annotations:
D:3 Ijyb


Innate Abilities, Weirdness & Mutations

You are resistant to damage.
You can recharge devices by infusing magical energy.
You passively map a small area around you.
You do not regenerate naturally.


Message History

You hit Ijyb but do no damage.
Ijyb is lightly wounded.
* * * LOW HITPOINT WARNING * * *
You feel very sick. Ijyb hits you but does no damage. x2
You are more poisoned.
You closely miss Ijyb.
Ijyb is lightly wounded.
* * * LOW HITPOINT WARNING * * *
You feel very sick. Ijyb hits you but does no damage.
You are more poisoned.
Your plate armour prevents you from hitting Ijyb.
Ijyb is lightly wounded.
* * * LOW HITPOINT WARNING * * *
You feel very sick. Ijyb closely misses you.
You barely miss Ijyb.
Ijyb is lightly wounded.
You die...

* * * ** #
* .# ,* #.
###. *, #o.
,, , , ,*
#g#, * *
#@# #* **
##.##.# *,
#.###.).#.#
*
#.$.......#
*
#####...###
##.### * ,
##...## ,
##..##.## ,
*
##.#..##.##
*,


You could see Ijyb and an orc.

Vanquished Creatures
  Sigmund (D:2)
  5 adders
  2 worms (D:2)
  6 dart slugs
  A giant gecko (D:1)
  8 orcs (D:3)
  A ball python (D:1)
  4 bats
  A giant cockroach (D:2)
  9 goblins
  8 hobgoblins
  9 jackals
  6 kobolds
  2 giant newts
  7 rats
70 creatures vanquished.

Notes
Turn   | Place    | Note
--------------------------------------------------------------
     0 | D:1      | Lovchig the Deep Dwarf Fighter began the quest for the Orb.
     0 | D:1      | Reached XP level 1. HP: 20/20 MP: 1/1
   107 | D:1      | Reached XP level 2. HP: 24/27 MP: 2/2
   288 | D:1      | Reached XP level 3. HP: 29/33 MP: 3/3
   520 | D:2      | Found a glowing golden altar of the Shining One.
   562 | D:2      | Reached skill level 1 in Dodging
   562 | D:2      | Reached skill level 4 in Shields
   627 | D:2      | Reached XP level 4. HP: 36/42 MP: 4/4
  1044 | D:2      | Noticed Sigmund
  1054 | D:2      | Killed Sigmund
  1054 | D:2      | Reached XP level 5. HP: 30/49 MP: 5/5
  1233 | D:2      | Became a worshipper of the Shining One
  1344 | D:3      | Reached XP level 6. HP: 35/56 MP: 6/6
  1516 | D:3      | Reached skill level 5 in Shields
  1639 | D:3      | Noticed Ijyb
  1665 | D:3      | HP: 1/56 [poisoned by Ijyb]
  1666 | D:3      | Succumbed to Ijyb's poison

Skill      XL: |  1  2  3  4  5  6 |
---------------+-------------------+-----
Fighting       | 3 |  3.5
Dodging        | 1 |  1.6
Shields        | 4 5 |  5.0
Axes           | 3 4 |  4.0
Armour         | 4 |  4.1
Stealth        | |  0.6

Action                   |  1- 3 |  4- 6 || total
-------------------------+-------+-------++-------
Melee: War axe           |   103 |   142 ||   245
Evoke: Wand              |       |     5 ||     5
  Use: Scroll            |     2 |     3 ||     5
       Potion            |       |     2 ||     2
  Eat: Chunk             |       |     3 ||     3
Armor: Scale mail        |    14 |       ||    14
       Plate armour      |    61 |    88 ||   149
Dodge: Dodged            |    15 |    24 ||    39
Block: Shield            |    58 |    78 ||   136
